 Dungeon Crawl Stone Soup version 0.30.1-11-g7821555f0a (webtiles) character file.

Game seed: 763125388442140443

1389 jfcaron the Firebug (level 8, -8/53 HPs)
             Began as a Gnoll Fire Elementalist on Nov 8, 2023.
             Was a Believer of Hepliaklqana.
             Mangled by a vampire (13 damage)
             ... on level 6 of the Dungeon.
             The game lasted 00:20:40 (7390 turns).

jfcaron the Firebug (Gnoll Fire Elementalist)       Turns: 7390, Time: 00:20:41

Health: -8/53      AC:  0    Str:  7    XL:     8   Next: 68%
Magic:  6/17       EV: 14    Int: 23    God:    Hepliaklqana [**....]
Gold:   587        SH:  0    Dex: 13    Spells: 11/19 levels left

rFire   . . .        p - +3 whip (venom)
rCold   . . .        (no shield)
rNeg    . . .        r - +2 robe of Ovarus {rElec Will- Regen+}
rPois   +            (no helmet)
rElec   +            k - scarf {shadows}
rCorr   .            (no gloves)
SInv    .            (no boots)
Will    .....        e - amulet of the acrobat
Stlth   ++           i - ring "Bared" {Fly Will+ Int+6 Stlth+}
HPRegen 1.08/turn    t - ring of poison resistance
MPRegen 0.15/turn

%: acrobat
@: confused, corroded, flying
A: reduced essence, fangs 1, strong nose, distributed training
a: Renounce Religion, Recall Ancestor, Ancestor Identity


You were on level 6 of the Dungeon.
You worshipped Hepliaklqana.
Hepliaklqana was pleased with you.
You visited 2 branches of the dungeon, and saw 8 of its levels.
You also visited: Sewer.

You collected 587 gold pieces.

Inventory:

Hand Weapons
 p - a +3 whip of venom (weapon)
   (You found it on level 1 of the Dungeon)
 s - a +0 rapier
 v - a +1 short sword of protection
   (You took it off a kobold on level 3 of the Dungeon)
Missiles
 a - a throwing net {!f}
 d - 5 curare-tipped darts {!f}
 g - 6 boomerangs
 j - 6 javelins
Armour
 k - a scarf of shadows (worn)
   (You found it on level 4 of the Dungeon)
 r - the +2 robe of Ovarus (worn) {rElec Will- Regen+}
   (You found it on level 6 of the Dungeon)

   rElec:     It insulates you from electricity.
   Regen:     It increases your rate of health regeneration.
   Will:      It decreases your willpower.
Jewellery
 e - an amulet of the acrobat (around neck)
   (You found it on level 1 of the Dungeon)
 i - the ring "Bared" (left hand) {Fly Will+ Int+6 Stlth+}
   (You acquired it on level 4 of the Dungeon)

   [ring of intelligence]

   Int:       It affects your intelligence (+6).
   Fly:       It grants you flight.
   Will:      It increases your willpower.
   Stlth:     It makes you more stealthy.
 m - a ring of ice
   (You found it on level 4 of the Dungeon)
 t - a ring of poison resistance (right hand)
Scrolls
 c - 4 scrolls of teleportation
 l - 3 scrolls of vulnerability
 q - 2 scrolls of enchant weapon
 w - 2 scrolls of fog
 x - 2 scrolls of magic mapping
 A - a scroll of noise
Potions
 b - a potion of magic
 f - 4 potions of heal wounds
 h - 2 potions of might
 o - a potion of haste
 u - a potion of mutation
 z - 4 potions of flight
 B - a potion of lignification
 C - a potion of ambrosia


   Skills:
 + Level 3.6 Fighting
 + Level 3.6 Short Blades
 + Level 3.6 Long Blades
 + Level 3.6 Axes
 + Level 3.6 Maces & Flails
 + Level 3.6 Polearms
 + Level 3.6 Staves
 + Level 3.6 Ranged Weapons
 + Level 3.6 Throwing
 + Level 3.6 Armour
 + Level 5.9 Dodging
 + Level 5.6 Stealth
 + Level 3.6 Shields
 + Level 3.6 Unarmed Combat
 + Level 6.2 Spellcasting
 + Level 3.7 Conjurations
 + Level 3.0 Hexes
 + Level 3.0 Summonings
 + Level 3.0 Necromancy
 + Level 3.0 Translocations
 + Level 3.0 Transmutations
 + Level 6.2 Fire Magic
 + Level 3.0 Ice Magic
 + Level 3.0 Air Magic
 + Level 3.0 Earth Magic
 + Level 3.0 Poison Magic
 + Level 4.0 Invocations
 + Level 3.6 Evocations


You had 11 spell levels left.
You knew the following spells:

 Your Spells              Type           Power      Damage    Failure   Level
a - Foxfire               Conj/Fire      100%       2x1d9     1%          1
b - Scorch                Fire           72%        2d8       1%          2
c - Volatile Blastmotes   Fire/Tloc      56%        2d14      3%          3
d - Passwall              Tmut/Erth      16%        N/A       3%          2

Your spell library contained the following spells:

 Spells                   Type           Power      Damage    Failure   Level
 Magic Dart               Conj           96%        1d7       1%          1
 Sandblast                Erth           40%        2d10      2%          1
 Searing Ray              Conj           48%        2d6       2%          2
 Cigotuvi's Dreadful Rot  Necr/Pois/Air  40%        N/A       3%          2
 Inner Flame              Hex/Fire       28%        N/A       3%          3
 Stone Arrow              Conj/Erth      44%        3d9       6%          3
 Flame Wave               Conj/Fire      30%        2d9       11%         4
 Fulminant Prism          Conj/Hex       11%        3d9       21%         4
 Dispel Undead            Necr           20%        3d11      24%         4
 Death Channel            Necr           10%        N/A       98%         6


Dungeon Overview and Level Annotations

Branches:
Dungeon (7/15)             Temple (1/1) D:4           Sewer (visited)

Altars:
Ashenzari
Cheibriados
Dithmenos
Elyvilon
Fedhas
Gozag
Hepliaklqana
Kikubaaqudgha
Makhleb
Nemelex Xobeh
Okawaru
Qazlal
Ru
Sif Muna
Uskayaw
Xom
Zin
The Shining One


Innate Abilities, Weirdness & Mutations

Your life essence is reduced to manifest your ancestor. (-10% HP)
You have very sharp teeth.
Your uncanny sense of smell can sniff out nearby items.
Your experience applies equally to all skills.


Message History

Deactivating autopickup; reactivate with Ctrl-A.
You are confused.
The acid dragon barely misses you. The acid dragon claws you.
You fly upwards.
Reactivating autopickup.
There is a stone staircase leading down here.
You feel better. The acid dragon bites you. The acid dragon closely misses you.
Something barely misses you. Something bites you but does no damage.
Deactivating autopickup; reactivate with Ctrl-A.
Casting: Scorch (safe; 1% risk of failure)
Confirm with . or Enter, or press ? or * to list all spells.
Flames lash the acid dragon.
The acid dragon is almost dead.
The acid dragon's fire resistance burns away.
The acid dragon closely misses you. The acid dragon barely misses you.
You hear some strange, mumbled words.
You are confused.
You are too confused!
You closely miss something.
You're too confused to move!
The acid dragon barely misses you. The acid dragon closely misses you.
Something hits you but does no damage. Something bites you.
Something draws strength from your injuries!
You hit the acid dragon but do no damage.
The acid dragon is almost dead.
The acid dragon spits acid at you. The splash of acid hits you!
The acid corrodes you! Something hits you! Something bites you!
Something draws strength from your injuries!
You're too confused to cast spells.
You bump into the rock wall.
The acid dragon is no longer more vulnerable to fire.
The acid dragon closely misses you. The acid dragon completely misses you.
Something barely misses you. x2
You're too confused to cast spells.
You bump into the rock wall.
The acid dragon barely misses you. The acid dragon claws you.
Something hits you!
* * * LOW HITPOINT WARNING * * *
Something bites you!
You die...

.......#....# #.# ############
............# #.# #...........
.......#....# #.# #...........
.......#....### #.# #...........
.......#....).###.# #...........
.......#....#..##.# #..(........
.......#######....# #...........
######## ##.{#####...........
###<...### ##@D...............
..#.##.#<#############...........
#.#.##.............# ######.#####
#.#.####.#########.# #......
#.#.# #.# #.# ####### #.#.# #.#
#.# # #.#.# #.# #.# # #.#.# #.#
#.############## ....# #.#
#...............


You could see an acid dragon (catching breath).

Vanquished Creatures
  A steam dragon (D:6)
  A black bear (D:5)
  A hornet zombie (D:6)
  An ogre (D:5)
  2 phantoms (D:6)
  A bullfrog (D:7)
  A scorpion (D:4)
  A bullfrog zombie (D:6)
  A jelly (D:4)
  An orc priest (D:4)
  2 hounds
  3 bullfrog skeletons (D:6)
  3 iguanas
  3 orc wizards
  A killer bee zombie (D:6)
  4 gnolls (D:5)
  A howler monkey skeleton (D:6)
  A knight (D:7)
  11 adders
  3 river rats (Sewer)
  A shadow imp (D:6)
  2 white imps
  6 worms
  2 dart slugs
  9 orcs
  9 bats
  6 endoplasms
  A giant cockroach (D:2)
  4 hobgoblins
  3 jackals (Sewer)
  8 quokkas
  11 ball pythons
  2 frilled lizards
  2 goblins
  8 kobolds
  5 rats
  297 foxfires
419 creatures vanquished.

Notes
Turn   | Place    | Note
-------+----------+-------------------------------------------
     0 | D:1      | jfcaron the Gnoll Fire Elementalist began the quest for the
                  | Orb.
     0 | D:1      | Reached XP level 1. HP: 13/13 MP: 6/6
   439 | D:1      | Reached XP level 2. HP: 19/19 MP: 2/7
   442 | D:1      | Learned a level 2 spell: Scorch
  1552 | D:2      | Reached skill level 5 in Spellcasting
  1552 | D:2      | Reached XP level 3. HP: 25/25 MP: 3/9
  1740 | D:2      | Found a shadowy altar of Dithmenos.
  2287 | D:3      | Reached skill level 1 in Invocations
  2409 | D:3      | Found a faded altar of an unknown god.
  2421 | D:3      | Reached skill level 1 in Fighting
  2421 | D:3      | Reached skill level 1 in Short Blades
  2421 | D:3      | Reached skill level 1 in Long Blades
  2421 | D:3      | Reached skill level 1 in Axes
  2421 | D:3      | Reached skill level 1 in Maces & Flails
  2421 | D:3      | Reached skill level 1 in Polearms
  2421 | D:3      | Reached skill level 1 in Staves
  2421 | D:3      | Reached skill level 1 in Ranged Weapons
  2421 | D:3      | Reached skill level 1 in Throwing
  2421 | D:3      | Reached skill level 1 in Armour
  2421 | D:3      | Reached skill level 1 in Shields
  2421 | D:3      | Reached skill level 1 in Unarmed Combat
  2421 | D:3      | Reached skill level 1 in Evocations
  2421 | D:3      | Reached XP level 4. HP: 32/32 MP: 4/11
  2606 | D:3      | Reached skill level 1 in Hexes
  2606 | D:3      | Reached skill level 1 in Summonings
  2606 | D:3      | Reached skill level 1 in Necromancy
  2606 | D:3      | Reached skill level 1 in Translocations
  2606 | D:3      | Reached skill level 1 in Transmutations
  2606 | D:3      | Reached skill level 1 in Ice Magic
  2606 | D:3      | Reached skill level 1 in Air Magic
  2606 | D:3      | Reached skill level 1 in Earth Magic
  2606 | D:3      | Reached skill level 1 in Poison Magic
  2726 | D:3      | Reached XP level 5. HP: 37/37 MP: 4/12
  3623 | D:4      | Reached XP level 6. HP: 25/44 MP: 2/14
  3633 | D:4      | Reached skill level 5 in Dodging
  3789 | D:4      | Found a staircase to the Ecumenical Temple.
  3798 | D:4      | Identified a scroll of acquirement
  3798 | D:4      | Acquired the ring "Bared" {Fly Will+ Int+6 Stlth+}
  3827 | D:4      | Found a glowing golden altar of the Shining One.
  3903 | Temple   | Entered the Ecumenical Temple
  3973 | Temple   | Became a worshipper of Hepliaklqana the Forgotten
  4047 | D:4      | Found a glowing drain.
  4054 | Sewer    | Entered a sewer
  4071 | Sewer    | Learned a level 3 spell: Volatile Blastmotes
  5457 | D:5      | Entered Level 5 of the Dungeon
  5509 | D:5      | Found a blossoming altar of Fedhas.
  5574 | D:5      | Reached * piety under Hepliaklqana
  5577 | D:5      | Reached XP level 7. HP: 45/45 MP: 11/15
  5726 | D:5      | Learned a level 2 spell: Passwall
  5869 | D:5      | Reached skill level 5 in Stealth
  6141 | D:5      | Found an iron altar of Okawaru.
  6141 | D:5      | Found a sparkling altar of Nemelex Xobeh.
  6339 | D:6      | Reached XP level 8. HP: 48/52 MP: 12/16
  6503 | D:6      | Identified the +2 robe of Ovarus {rElec Will- Regen+}
  6784 | D:6      | Found a hide-covered altar of Uskayaw.
  6864 | D:6      | Reached ** piety under Hepliaklqana
  6865 | D:6      | Remembered your ancestor Lucia as a knight
  7362 | D:7      | Noticed a vampire
  7390 | D:6      | HP: 5/53 [something (13)]
  7390 | D:6      | Mangled by a vampire

Illustrated notes

Levels and vault maps discovered:
D:1:      arrival_zaba_pyramid, layout_basic
D:2:      layout_basic, basic_altar, hangedman_decor_slide_cut,
          chequers_serial_rivers_micro_e
D:3:      layout_basic, hellmonk_ecumenical_altar_lost_god,
          serial_co_window_serial, co_window_of_opportunity_a,
          co_window_of_opportunity_a, co_window_paths_a, co_window_corner_a,
          co_window_of_opportunity_a, co_window_broadway_c,
          co_window_broadway_c, co_window_paths_c, co_window_2corner,
          co_window_4corner_b, glass_columns_a, glass_columns_a,
          glass_columns_b, st_stairs_4
D:4:      layout_loops_ring, tso_metal_star, minmay_temple_entry_grid,
          cheibrodos_sewer_entry_bend
D:5:      layout_cave_pools, fedhas_altar_2, amethyst_overflow_temple_binary,
          hex_large, dk_rats_in_the_wall
D:6:      layout_basic, amcnicky_altar_gilded, serial_undead, serial_undead_b,
          serial_undead_f, serial_undead_b, serial_undead_d
D:7:      layout_cave_pools, grunt_dithmenos_smoke_and_mirrors,
          lemuel_zombie_altar_yredelemnul, kennysheep_mini, kb_rosetta
Temple:   hellmonk_temple_flake

Skill      XL: |  1  2  3  4  5  6  7  8 |
---------------+-------------------------+-----
Conjurations   | 2 3 |  3.7
Spellcasting   | 5 6 |  6.2
Invocations    | 1 2 3 4 |  4.0
Fighting       | 1 2 3 |  3.6
Short Blades   | 1 2 3 |  3.6
Long Blades    | 1 2 3 |  3.6
Axes           | 1 2 3 |  3.6
Maces & Flails | 1 2 3 |  3.6
Polearms       | 1 2 3 |  3.6
Staves         | 1 2 3 |  3.6
Ranged Weapons | 1 2 3 |  3.6
Throwing       | 1 2 3 |  3.6
Armour         | 1 2 3 |  3.6
Shields        | 1 2 3 |  3.6
Unarmed Combat | 1 2 3 |  3.6
Evocations     | 1 2 3 |  3.6
Hexes          | 1 2 3 |  3.0
Summonings     | 1 2 3 |  3.0
Necromancy     | 1 2 3 |  3.0
Translocations | 1 2 3 |  3.0
Transmutations | 1 2 3 |  3.0
Ice Magic      | 1 2 3 |  3.0
Air Magic      | 1 2 3 |  3.0
Earth Magic    | 1 2 3 |  3.0
Poison Magic   | 1 2 3 |  3.0
Dodging        | 5 |  5.9
Stealth        | 5 |  5.6
Fire Magic     | 6 |  6.2

Action                     |  1- 3 |  4- 6 |  7- 9 || total
---------------------------+-------+-------+-------++-------
  Melee: Whip              |     3 |    23 |    15 ||    41
         Bite              |       |     1 |     3 ||     4
         Punch             |       |     1 |       ||     1
  Throw: Dart              |       |     1 |       ||     1
   Cast: Foxfire           |    39 |    86 |    56 ||   181
         Scorch            |    10 |    19 |    22 ||    51
         Volatile Blastmot |       |     7 |       ||     7
 Invoke: Recall Ancestor   |       |       |     2 ||     2
         Ancestor Life: Kn |       |       |     1 ||     1
    Use: Scroll            |     3 |    14 |     3 ||    20
         Potion            |       |     1 |     1 ||     2
   Stab: Distracted        |       |       |     1 ||     1
 Armour: Robe              |       |     2 |     7 ||     9
  Dodge: Dodged            |     5 |    20 |    36 ||    61

Table legend: (Time is in decaauts)
 A = Elapsed time spent in this place.
 B = Non-inter-level travel time spent in this place.
 C = Inter-level travel time spent in this place.
 D = Time resting spent in this place.
 E = Time spent auto-exploring this place.
 F = Levels seen in this place.
 G = Mean time per level.
                   A        B        C        D        E       F      G
               +--------+--------+--------+--------+--------+-----+--------+
         Total |   7385 |   6716 |    669 |    581 |   4874 |   9 |  820.6 |
       Dungeon |   6428 |   5792 |    636 |    290 |   4455 |   7 |  918.3 |
        Temple |     79 |     46 |     33 |      0 |      0 |   1 |   79.0 |
         Sewer |    877 |    877 |      0 |    291 |    419 |   1 |  877.0 |
               +--------+--------+--------+--------+--------+-----+--------+

Top non-repeatable levels by time:
     D:3: 1334 daAuts
     D:1: 1156 daAuts
     D:2: 1056 daAuts
     D:6: 1049 daAuts
     D:4: 958 daAuts
   Sewer: 877 daAuts
     D:5: 844 daAuts
  Temple: 79 daAuts
     D:7: 28 daAuts

Table legend:
 A = Kills in this place as a percentage of kills in the entire game.
 B = Kills by you in this place as a percentage of kills by you in the entire game.
 C = Kills by friends in this place as a percentage of kills by friends in the entire game.
 D = Other kills in this place as a percentage of other kills in the entire game.
 E = Experience gained in this place as a percentage of experience gained in the entire game.
 F = Experience gained in this place divided by the number of levels of this place that you have seen.
                   A       B       C       D       E      F
               +-------+-------+-------+-------+-------+----------------------
         Total | 100.0 | 100.0 | 100.0 |   N/A | 100.0 | 220.6
       Dungeon |  75.2 |  74.1 | 100.0 |   N/A |  91.7 | 260.1
         Sewer |  24.8 |  25.9 |   0.0 |   N/A |   8.3 | 164.0
               +-------+-------+-------+-------+-------+----------------------

Levels and vault maps discovered:
D:1:      arrival_zaba_pyramid, layout_basic
D:2:      layout_basic, basic_altar, hangedman_decor_slide_cut,
          chequers_serial_rivers_micro_e
D:3:      layout_basic, hellmonk_ecumenical_altar_lost_god,
          serial_co_window_serial, co_window_of_opportunity_a,
          co_window_of_opportunity_a, co_window_paths_a, co_window_corner_a,
          co_window_of_opportunity_a, co_window_broadway_c,
          co_window_broadway_c, co_window_paths_c, co_window_2corner,
          co_window_4corner_b, glass_columns_a, glass_columns_a,
          glass_columns_b, st_stairs_4
D:4:      layout_loops_ring, tso_metal_star, minmay_temple_entry_grid,
          cheibrodos_sewer_entry_bend
D:5:      layout_cave_pools, fedhas_altar_2, amethyst_overflow_temple_binary,
          hex_large, dk_rats_in_the_wall
D:6:      layout_basic, amcnicky_altar_gilded, serial_undead, serial_undead_b,
          serial_undead_f, serial_undead_b, serial_undead_d
D:7:      layout_cave_pools, grunt_dithmenos_smoke_and_mirrors,
          lemuel_zombie_altar_yredelemnul, kennysheep_mini, kb_rosetta
Temple:   hellmonk_temple_flake
